 Dungeon Crawl Stone Soup version 0.20-a0-1124-g2e29d97 (webtiles) character file.

1045 Hubbles the Cutter (level 8, 22/73 HPs)
             Began as a Deep Dwarf Arcane Marksman on May 16, 2017.
             Was a Follower of Cheibriados.
             Quit the game on level 5 of the Dungeon.
             The game lasted 00:09:50 (4162 turns).

Hubbles the Cutter (Deep Dwarf Arcane Marksman)     Turns: 4162, Time: 00:09:51

Health: 22/73      AC: 15    Str: 16    XL:     8   Next: 4%
Magic:  9/9        EV:  9    Int: 16    God:    Cheibriados [*.....]
Gold:   189        SH:  4    Dex: 17    Spells: 8/9 levels left

rFire    + + .     SeeInvis +   a - +2 dagger (venom)
rCold    x . .     Gourm    .   t - +0 buckler
rNeg     . . .     Faith    .   v - +0 fire dragon scales
rPois    .         Spirit   .   m - +1 helmet
rElec    .         Reflect  .   (no cloak)
rCorr    .         Harm     .   (no gloves)
MR       +....                  r - +2 pair of boots
Stlth    ..........             (no amulet)
Regen    0.0/turn               o - ring of see invisible
MPRegen  0.2/turn               s - +5 ring of slaying

@: non-regenerating, very slow
A: damage resistance, heal wounds, sense surroundings 1, no regeneration
a: Heal Wounds, Bend Time, Renounce Religion


You were on level 5 of the Dungeon.
You worshipped Cheibriados.
Cheibriados was aware of your devotion.
You were not hungry.

You visited 1 branch of the dungeon, and saw 5 of its levels.

You collected 189 gold pieces.

Inventory:

Hand Weapons
 a - a +2 dagger of venom (weapon)
 b - a +0 blowgun
 q - a +1 shortbow
Missiles
 d - 28 arrows
 h - 62 sling bullets
 u - 17 poisoned needles
Armour
 m - a +1 helmet (worn)
 r - a +2 pair of boots (worn)
 t - a +0 buckler (worn)
 v - +0 fire dragon scales (worn)
Jewellery
 o - a ring of see invisible (left hand)
 s - a +5 ring of slaying (right hand)
Wands
 j - a wand of confusion (22/48)
Scrolls
 g - a scroll of teleportation
 n - 2 scrolls of remove curse
Potions
 e - a potion of flight
 i - 2 potions of curing
Books
 c - a book of Debilitation

   Spells                             Type                      Level
   a - Corona                         Hexes                        1
   b - Slow                           Hexes                        2
   c - Inner Flame                    Hexes/Fire                   3
   d - Portal Projectile              Hexes/Translocation          3
   e - Cause Fear                     Hexes                        4
   f - Leda's Liquefaction            Hexes/Earth                  4
Comestibles
 f - 5 bread rations
 k - 4 fruits
 l - 2 meat rations
 p - 9 chunks of flesh
 w - a royal jelly


   Skills:
 - Level 4.5 Fighting
 * Level 5.7 Short Blades
 - Level 1.3 Bows
 - Level 4.5 Armour
 - Level 2.1 Dodging
 * Level 0.7 Shields
 - Level 1.0 Spellcasting
 - Level 2.4 Hexes


You had 8 spell levels left.
You knew the following spells:

 Your Spells              Type           Power        Failure   Level  Hunger
a - Corona                Hex            #......      50%         1    ##.....


Dungeon Overview and Level Annotations

Branches:
Dungeon (5/15)
 Temple: D:4-7

Altars:
Cheibriados
Okawaru


Innate Abilities, Weirdness & Mutations

You are resistant to damage.
You can heal yourself by infusing magical energy.
You passively map a small area around you.
You do not regenerate.


Message History

Okay, then.
You now have 189 gold pieces (gained 8).
You are starting to lose your buoyancy.
You float gracefully downwards.
A giant cockroach comes into view.
A giant cockroach is nearby!
A giant cockroach is nearby!
You are too injured to fight recklessly!
You are too injured to fight recklessly!
You are too injured to fight recklessly!
You are too injured to fight recklessly!
Found a stone staircase leading up.
The giant cockroach closely misses you.
Found 12 gold pieces and a glowing scale mail.
You hit the giant cockroach.
You kill the giant cockroach!
Cheibriados appreciates the change of pace.
Found 12 gold pieces.
Found an escape hatch in the ceiling.
Are you sure you want to abandon this character and quit the game? (Confirm with "yes".)

...##.####..## ###........
.####......##########* #..##.....
.(....#...###....................
##......#.....##########.####....
...(.<.....#### ###. ####.
...###..##...## ..... .. ...#
##.####..#####<.$... . ##.. #...
##............ * . ### .##.#
###.@........ , * .
.##...[......... * #.
....###.......$. ## ...
.......... ,.. , ........... * *
. ,*,.#......... * * *
............ , *.##......<. , * *
*,,


There were no monsters in sight!

Vanquished Creatures
  The ghost of Likado the Bolt Thrower, an amateur KoAM of Dithmenos (D:4)
  Sigmund (D:3)
  2 ogres
  A crimson imp (D:5)
  2 hounds (D:4)
  An orc priest (D:4)
  Ijyb (D:3)
  2 orc wizards
  A worker ant (D:4)
  A hound skeleton (D:4)
  3 gnolls (D:5)
  2 howler monkey skeletons
  A river rat (D:3)
  11 adders
  A shadow imp (D:5)
  3 worms
  4 dart slugs
  2 leopard geckos
  13 orcs
  3 ball pythons
  5 bats
  8 giant cockroaches
  17 goblins
  6 hobgoblins
  6 jackals
  9 kobolds
  3 quokkas
  7 frilled lizards
  16 rats
133 creatures vanquished.

Notes
Turn   | Place    | Note
-------+----------+-------------------------------------------
     0 | D:1      | Hubbles the Deep Dwarf Arcane Marksman began the quest for the Orb.
     0 | D:1      | Reached XP level 1. HP: 16/16 MP: 2/2
     3 | D:1      | Reached skill level 1 in Fighting
   241 | D:1      | Reached XP level 2. HP: 24/26 MP: 3/3
   807 | D:1      | Reached skill level 1 in Armour
   978 | D:2      | Reached XP level 3. HP: 29/33 MP: 4/4
  1231 | D:2      | Reached XP level 4. HP: 31/40 MP: 5/5
  1837 | D:3      | Noticed Ijyb
  1867 | D:3      | Killed Ijyb
  1867 | D:3      | Reached XP level 5. HP: 39/49 MP: 6/6
  2374 | D:3      | Noticed Sigmund
  2388 | D:3      | Killed Sigmund
  2388 | D:3      | Reached XP level 6. HP: 51/58 MP: 7/7
  2560 | D:3      | Reached skill level 1 in Short Blades
  2849 | D:4      | Reached skill level 2 in Short Blades
  2992 | D:4      | Reached XP level 7. HP: 28/66 MP: 8/8
  3202 | D:4      | Reached skill level 3 in Short Blades
  3207 | D:4      | Found a snail-covered altar of Cheibriados.
  3299 | D:4      | Noticed Likado's ghost (amateur KoAM)
  3318 | D:4      | Killed Likado's ghost
  3318 | D:4      | Reached skill level 4 in Short Blades
  3361 | D:4      | Became a worshipper of Cheibriados the Contemplative
  3745 | D:4      | Reached skill level 5 in Short Blades
  3945 | D:5      | Entered Level 5 of the Dungeon
  4037 | D:5      | Reached XP level 8. HP: 42/73 MP: 9/9
  4049 | D:5      | Reached * piety under Cheibriados
  4076 | D:5      | Found an iron altar of Okawaru.
  4162 | D:5      | Quit the game

Vault maps used:
D:1:      dpeg_arrival_prison
D:2:      kb_forest_paths, grunt_decor_fettered
D:3:      kennysheep_the_goblin_king, lightli_sewer_entry_pipes, uniq_sigmund
D:4:      chei_slow_surprise
D:5:      overflow_temple_1_default, nicolae_dithmenos_through_a_glass_darkly,
          first_bread, serial_bayou_pond_d, uniq_ijyb

Skill      XL: |  1  2  3  4  5  6  7 |
---------------+----------------------+-----
Fighting       | 1 2 3 4 |  4.5
Armour         | 1 2 3 4 |  4.5
Short Blades   | 2 5 |  5.7
Bows           | |  1.3
Dodging        | |  2.1
Shields        | |  0.7
Spellcasting   | |  1.0
Hexes          | |  2.4

Action                   |  1- 3 |  4- 6 |  7- 9 || total
-------------------------+-------+-------+-------++-------
Melee: Dagger            |    46 |   182 |   127 ||   355
 Fire: Shortbow          |    71 |     2 |       ||    73
       Blowgun           |       |     7 |       ||     7
  Use: Scroll            |       |     7 |     1 ||     8
       Potion            |       |     2 |     4 ||     6
  Eat: Chunk             |     1 |     5 |     2 ||     8
       Fruit             |       |     3 |       ||     3
Armor: Ring mail         |    26 |    72 |       ||    98
       Scale mail        |       |     4 |    33 ||    37
       Fire dragon scale |       |       |    13 ||    13
       Skin              |       |       |     4 ||     4
Dodge: Dodged            |    52 |    97 |    56 ||   205
Block: Buckler           |       |       |     4 ||     4
